 Dungeon Crawl Stone Soup version 0.28.0-49-g6dfe1f597d (webtiles) character file.

Game seed: 2625473712968502174

4429 Zeld the Destroyer (level 10, -2/88 HPs)
             Began as a Yellow Draconian Conjurer on May 16, 2022.
             Was a Follower of Makhleb.
             Shot with an arrow by a centaur (9 damage)
             ... on level 8 of the Dungeon.
             The game lasted 00:09:00 (9536 turns).

Zeld the Destroyer (Yellow Draconian Conjurer)      Turns: 9536, Time: 00:09:01

Health: -2/88      AC:  8    Str: 10    XL:     10   Next: 14%
Magic:  20/20      EV: 13    Int: 22    God:    Makhleb [*.....]
Gold:   339        SH:  0    Dex: 10    Spells: 11/22 levels left

rFire   . . .      SeeInvis .   (no weapon)
rCold   . . .      Faith    .   (no shield)
rNeg    . . .      Spirit   .   (armour unavailable)
rPois   .          Reflect  .   (helmet restricted)
rElec   .          Harm     .   (no cloak)
rCorr   +          Rampage  .   (no gloves)
Will    .....                   i - +0 pair of boots
Stlth   +++.......              p - amulet of magic regeneration
HPRegen 0.24/turn               (no ring)
MPRegen 0.57/turn               (no ring)

@: no status effects
A: spit acid, AC +7, unfitting armour, cold-blooded, acid resistance
a: Breathe Acid, Renounce Religion


You were on level 8 of the Dungeon.
You worshipped Makhleb.
Makhleb was aware of your devotion.
You visited 2 branches of the dungeon, and saw 9 of its levels.

You collected 339 gold pieces.

Inventory:

Armour
 i - a +0 pair of boots (worn)
Jewellery
 p - an amulet of magic regeneration (around neck)
 q - a ring of protection from fire
Wands
 s - a wand of flame (26)
 v - a wand of paralysis (11)
 x - a wand of polymorph (4)
Scrolls
 a - 8 scrolls of identify {unknown}
 e - a scroll of noise {unknown}
 f - 3 scrolls of fear {unknown}
 j - a scroll of amnesia {unknown}
 k - a scroll of silence {unknown}
 l - 5 scrolls of teleportation {unknown}
 r - 3 scrolls of immolation {unknown}
 t - a scroll of vulnerability {unknown}
 u - a scroll of blinking {unknown}
 w - a scroll of magic mapping {unknown}
Potions
 b - 2 potions of curing {unknown}
 c - a potion of cancellation {unknown}
 d - a potion of ambrosia {unknown}
 g - a potion of attraction {unknown}
 h - 2 potions of invisibility {unknown}
 m - 2 potions of heal wounds {unknown}
 n - 2 potions of flight {unknown}
 o - a potion of magic {unknown}


   Skills:
 * Level 7.8 Fighting
 + Level 4.9 Dodging
 + Level 5.2 Stealth
 * Level 6.9 Spellcasting
 * Level 8.3 Conjurations
 - Level 2.0 Hexes
 - Level 2.0 Translocations
 * Level 0.3 Invocations
 * Level 0.2 Evocations


You had 11 spell levels left.
You knew the following spells:

 Your Spells              Type           Power      Damage    Failure   Level
a - Magic Dart            Conj           100%       1d8       1%          1
b - Searing Ray           Conj           88%        2d7       1%          2
c - Fulminant Prism       Conj/Hex       15%        3d11      10%         4
d - Iskenderun's Mystic   Conj/Tloc      30%        2d8       10%         4

Your spell library contained the following spells:

 Spells                   Type           Power      Damage    Failure   Level
 Foxfire                  Conj/Fire      100%       2x1d9     1%          1
 Dazzling Flash           Conj/Hex       60%        N/A       3%          3
 Conjure Flame            Conj/Fire      25%        6-21      4%          3
 Pain                     Necr           28%        1d5       9%          1
 Flame Wave               Conj/Fire      25%        2d7       16%         4
 Inner Flame              Hex/Fire       11%        N/A       17%         3
 Summon Lightning Spire   Summ/Air       7%         N/A       63%         4
 Storm Form               Tmut/Air       3%         N/A       100%        7
 Maxwell's Capacitive Co  Air            3%         ∞         100%        8


Dungeon Overview and Level Annotations

Branches:
Dungeon (8/15)             Temple (1/1) D:6
   Lair: D:8-11

Altars:
Ashenzari
Cheibriados
Dithmenos
Elyvilon
Fedhas
Gozag
Hepliaklqana
Kikubaaqudgha
Makhleb
Nemelex Xobeh
Okawaru
Qazlal
Ru
Trog
Uskayaw
Wu Jian
Xom
Yredelemnul
Zin
The Shining One

Annotations:
D:5 2 transporters, ShadowYui's ghost, novice MiFi
D:7 3 runed translucent doors, Gelion's ghost, novice DECj


Innate Abilities, Weirdness & Mutations

You can spit globs of acid.
Your golden yellow scales are hard. (AC +7)
You cannot fit into any form of body armour.
You are cold-blooded and may be slowed by cold attacks.
You are resistant to acid. (rCorr)


Message History

Unknown command.
Casting: Iskenderun's Mystic Blast (dangerous; 10% risk of failure)
Confirm with . or Enter, or press ? or * to list all spells.
You erupt in a blast of force!
The mystic blast hits the bullfrog.
The bullfrog is almost dead.
The bullfrog is knocked back by the mystic blast.
The bullfrog slams into the rock wall!
You kill the bullfrog!
Makhleb accepts your kill.
You feel better.
The mystic blast hits the bullfrog!
You kill the bullfrog!
Makhleb accepts your kill.
The centaur shoots an arrow.
The arrow barely misses you.
Unknown command.
Unknown command.
The centaur shoots an arrow.
The arrow hits you.
The centaur shoots an arrow.
The arrow closely misses you.
The centaur shoots an arrow.
The arrow misses you.
A wyvern comes into view.
The centaur shoots an arrow.
The arrow closely misses you.
The centaur shoots an arrow.
The arrow hits you.
The centaur shoots an arrow.
The arrow barely misses you.
The centaur shoots an arrow.
The arrow hits you.
* * * LOW HITPOINT WARNING * * *
The centaur shoots an arrow.
The arrow hits you!
* * * LOW HITPOINT WARNING * * *
The centaur shoots an arrow.
The arrow closely misses you.
The centaur shoots an arrow.
The arrow closely misses you.
Unknown command.
Unknown command.
The centaur shoots an arrow.
The arrow hits you.
* * * LOW HITPOINT WARNING * * *
The centaur shoots an arrow.
The arrow hits you.
* * * LOW HITPOINT WARNING * * *
The centaur shoots an arrow.
The arrow hits you.
* * * LOW HITPOINT WARNING * * *
The centaur shoots an arrow.
The arrow closely misses you.
Unknown command.
The centaur shoots an arrow.
The arrow hits you!
You die...

###.#..###.##.#..#.#..# # #.#
..............##.#.#..###.#.#
............#.............#.#####
.l........##...........[........#
.......c.#.#..#....#..#####)##
#†...cc##.#........#.)))))...#
.#...c#.##....#.##.).######..#
#.#..#.#c#....#.##...######..#
.##..##.#.....#.@.).)..........
##....##..c.........>.###.##.###
#......#......#####...# .#
#......#........# #...# .#
##....##......#.# #...# .#
##..##.#.........'...'.
#.#.#....#.###...## .#.##....#.#
##+## .#....


You could see a centaur.

Vanquished Creatures
  A two-headed ogre (D:6)
  2 rust devils (D:7)
  3 orc warriors
  2 sky beasts (D:7)
  2 necrophages (D:7)
  2 hornet zombies (D:7)
  2 black bears
  3 ogres
  A kobold brigand (D:7)
  Blork the orc (D:4)
  3 bullfrogs
  A wyvern zombie (D:7)
  A gnoll sergeant (D:8)
  A wyvern skeleton (D:6)
  2 scorpions
  3 water moccasin skeletons
  7 wights
  A howler monkey (D:6)
  A bullfrog zombie (D:6)
  A centaur zombie (D:7)
  2 centaur skeletons
  3 orc priests
  A gnoll shaman (D:8)
  A human zombie (D:7)
  4 iguanas
  5 orc wizards
  2 killer bee zombies (D:7)
  A hound zombie (D:5)
  A mummy (D:7)
  8 gnolls (D:8)
  13 adders
  An ufetubus (D:6)
  A dart slug (D:4)
  19 orcs
  9 bats
  6 endoplasms
  2 giant cockroaches (D:4)
  7 hobgoblins
  6 jackals
  12 kobolds
  6 quokkas
  4 ball pythons
  5 frilled lizards
  2 goblins (D:3)
  6 rats
167 creatures vanquished.

Vanquished Creatures (others)
  An orc wizard (D:8)
  6 plants (D:5)
7 creatures vanquished.

Grand Total: 174 creatures vanquished

Notes
Turn   | Place    | Note
-------+----------+-------------------------------------------
     0 | D:1      | Zeld the Draconian Conjurer began the quest for the Orb.
     0 | D:1      | Reached XP level 1. HP: 14/14 MP: 3/3
   330 | D:1      | Reached XP level 2. HP: 15/22 MP: 1/5
   437 | D:1      | Learned a level 2 spell: Searing Ray
   619 | D:1      | Found a faded altar of an unknown god.
   628 | D:1      | Got Plato's Tome of Darkness
   903 | D:2      | Reached skill level 1 in Fighting
  1046 | D:2      | Reached XP level 3. HP: 16/28 MP: 0/6
  1637 | D:2      | Reached XP level 4. HP: 36/36 MP: 1/8
  1638 | D:2      | Found a white marble altar of Elyvilon.
  2253 | D:3      | Reached XP level 5. HP: 41/42 MP: 0/9
  2546 | D:3      | Found an opulent altar of Gozag.
  3658 | D:4      | Reached skill level 5 in Conjurations
  3779 | D:4      | Learned a level 4 spell: Fulminant Prism
  3948 | D:4      | Reached XP level 6. HP: 48/51 MP: 7/11
  3953 | D:4      | Learned a level 4 spell: Iskenderun's Mystic Blast
  4073 | D:4      | Noticed Blork the orc
  4082 | D:4      | Killed Blork the orc
  4540 | D:5      | Entered Level 5 of the Dungeon
  4647 | D:5      | Reached skill level 1 in Translocations
  4647 | D:5      | Your scales start taking on a golden yellow colour.
  4647 | D:5      | Reached XP level 7. HP: 48/57 MP: 7/12
  4647 | D:5      | Gained mutation: You are resistant to acid. (rCorr) [Yellow
                  | Draconian growth]
  4666 | D:5      | Reached skill level 1 in Hexes
  5047 | D:5      | Found a transporter.
  5047 | D:5      | Found a transporter.
  5056 | D:5      | Noticed ShadowYui's ghost (novice MiFi)
  5828 | D:6      | Reached XP level 8. HP: 31/67 MP: 10/14
  5835 | D:6      | Reached skill level 6 in Conjurations
  6090 | D:6      | Found a shimmering altar of Xom.
  6110 | D:6      | Found a basalt altar of Yredelemnul.
  6155 | D:6      | Found a staircase to the Ecumenical Temple.
  6212 | Temple   | Entered the Ecumenical Temple
  6494 | Temple   | Became a worshipper of Makhleb the Destroyer
  6533 | D:6      | Reached skill level 5 in Fighting
  6904 | D:6      | Noticed a two-headed ogre
  6982 | D:6      | Killed a two-headed ogre
  6983 | D:6      | Reached skill level 5 in Spellcasting
  6983 | D:6      | Reached XP level 9. HP: 46/75 MP: 4/17
  7303 | D:6      | Reached skill level 7 in Conjurations
  7616 | D:7      | Reached * piety under Makhleb
  7627 | D:7      | Found an ancient bone altar of Kikubaaqudgha.
  7923 | D:6      | Noticed a rust devil
  7923 | D:6      | Noticed a rust devil
  7938 | D:7      | Killed a rust devil
  8009 | D:7      | Killed a rust devil
  8010 | D:7      | Reached skill level 5 in Stealth
  8010 | D:7      | Reached skill level 8 in Conjurations
  8326 | D:7      | Found a runed translucent gate.
  8327 | D:7      | Found a runed translucent gate.
  8328 | D:7      | Found a runed translucent gate.
  8328 | D:7      | Noticed Gelion's ghost (novice DECj)
  8859 | D:7      | Reached XP level 10. HP: 82/88 MP: 4/20
  9499 | D:8      | Found a broken altar of Ashenzari.
  9503 | D:8      | Noticed a two-headed ogre
  9521 | D:8      | Identified the +8 whip of the Eternal Warrior {holy, Dex+5}
  9536 | D:8      | Shot with an arrow by a centaur

Illustrated notes

Levels and vault maps discovered:
D:1:      eino_arrival_cavern_e, layout_basic,
          shapermc_ecumenical_altar_rom_forum, serial_forest,
          infiniplex_forest_zigzag_1, infiniplex_forest_fountain,
          infiniplex_forest_end_2, infiniplex_forest_diagonal,
          infiniplex_forest_lined_3, infiniplex_forest_pool,
          infiniplex_forest_corner_1, infiniplex_forest_clump_small
D:2:      layout_loops_ring, basic_altar, minmay_pentomino_w4
D:3:      layout_loops_corners, mainiacjoe_overflow_24_doors, serial_glass,
          glass_columns_a, glass_columns_a, corner_web_ring,
          chequers_serial_rivers_large_a, minmay_vboxes
D:4:      layout_rooms, dk_noncrumbling_4, uniq_blork_the_orc
D:5:      layout_loops_ring, gammafunk_ghost_gnarly_gnolls, kennysheep_path_1,
          chequers_serial_rivers_room_b
D:6:      cheibrodos_iron_armory, layout_gridville,
          mainiacjoe_overflow_large_starburst, minmay_temple_entry_hall
D:7:      layout_loops_corners, lemuel_mausoleum_altar_kikubaaqudgha,
          gammafunk_ghost_split
D:8:      layout_basic, general_overflow_altar, ashenzari_altar_1, serial_shops,
          shop, minmay_misc_feat_secret_circle
Temple:   regret_index_temple_waves

Skill      XL: |  1  2  3  4  5  6  7  8  9 |
---------------+----------------------------+-----
Fighting       | 1 2 3 4 6 7 |  7.8
Dodging        | 2 3 4 |  4.9
Stealth        | 2 3 4 5 |  5.2
Spellcasting   | 3 4 5 6 |  6.9
Conjurations   | 5 6 8 |  8.3
Translocations | 1 2 |  2.0
Hexes          | 1 2 |  2.0
Invocations    | |  0.3
Evocations     | |  0.2

Action                   |  1- 3 |  4- 6 |  7- 9 | 10-12 || total
-------------------------+-------+-------+-------+-------++-------
Melee: Unarmed           |    39 |    68 |    80 |     7 ||   194
       Tailslap          |     4 |    11 |     7 |     2 ||    24
       Punch             |       |       |     2 |       ||     2
 Cast: Magic Dart        |    40 |    40 |    15 |       ||    95
       Searing Ray       |     3 |    20 |    61 |     5 ||    89
       Iskenderun's Myst |       |       |    45 |     9 ||    54
 Abil: Breathe Acid      |       |       |     9 |     1 ||    10
 Stab: Sleeping          |       |     2 |     2 |       ||     4
Armor: Skin              |    25 |    37 |    85 |    14 ||   161
Dodge: Dodged            |    64 |    77 |   191 |    36 ||   368
